 Dungeon Crawl Stone Soup version 0.27-a0-156-gbcd94eb011 (webtiles) character file.

Game seed: 11449921142927336121

2784 lunkers the Fighter (level 9, -1/85 HPs)
             Began as a Hill Orc Hunter on Jan 27, 2021.
             Was a Follower of Okawaru.
             Slain by an orc warrior
             ... wielding the +8 mace of Tobefuim {pain, rN+ Str-5 Int+5}
              (21 damage)
             ... on level 7 of the Dungeon on Jan 28, 2021.
             The game lasted 00:16:39 (9542 turns).

lunkers the Fighter (Hill Orc Hunter)               Turns: 9542, Time: 00:16:40

Health: -1/85      AC: 13    Str: 18    XL:     9   Next: 70%
Magic:  19/19      EV: 12    Int: 11    God:    Okawaru [*.....]
Gold:   171        SH:  0    Dex: 11    Spells: 8/8 levels left

rFire    + + .     SeeInvis .   F - +6 dagger "Ubeerenlup" {elec, MP+9}
rCold    + . .     Faith    .   (no shield)
rNeg     . . .     Spirit   .   s - +0 chain mail
rPois    .         Reflect  .   u - +1 hat
rElec    .         Harm     .   (no cloak)
rCorr    .         Rampage  .   (no gloves)
Will     .....                  H - +2 pair of boots "Ciasotath" {rF++}
Stlth    ..........             (no amulet)
HPRegen  0.24/turn              t - ring of protection from cold
MPRegen  0.16/turn              o - +4 ring of evasion

@: no status effects
A: no striking features
a: Renounce Religion, Heroism


You were on level 7 of the Dungeon.
You worshipped Okawaru.
Okawaru was aware of your devotion.
You visited 2 branches of the dungeon, and saw 8 of its levels.

You collected 389 gold pieces.
You spent 218 gold pieces at shops.

Inventory:

Hand Weapons
 a - a +0 short sword
 i - a +2 whip of holy wrath
 y - a +2 whip of freezing
 z - a +3 dire flail of protection
 F - the +6 dagger "Ubeerenlup" (weapon) {elec, MP+9}
   (You found it on level 7 of the Dungeon)

   Occasionally, upon striking a foe, it can discharge electrical energy and
   cause terrible harm.
   It affects your magic capacity (+9).
Missiles
 d - 3 throwing nets {=f}
 g - 103 sling bullets
 h - 133 stones
 j - 2 boomerangs
 n - 4 javelins
 r - 12 poisoned darts (quivered)
Armour
 s - a +0 chain mail (worn)
 u - a +1 hat (worn)
 H - the +2 pair of boots "Ciasotath" (worn) {rF++}
   (You bought it in a shop on level 7 of the Dungeon)

   It greatly protects you from fire.
Jewellery
 o - a +4 ring of evasion (right hand)
 t - a ring of protection from cold (left hand)
Wands
 b - a wand of random effects (29)
 w - a wand of iceblast (7)
Scrolls
 c - 2 scrolls of fog {unknown}
 f - 4 scrolls of teleportation
 k - 4 scrolls of remove curse {unknown}
 m - 6 scrolls of identify {unknown}
 p - 4 scrolls of magic mapping {unknown}
 B - a scroll of enchant weapon {unknown}
 C - a scroll of noise {unknown}
 E - 2 scrolls of random uselessness {unknown}
 G - 2 scrolls of vulnerability {unknown}
 J - a scroll of enchant armour {unknown}
Potions
 e - 5 potions of brilliance {unknown}
 l - 2 potions of magic {unknown}
 q - 2 potions of curing {unknown}
 v - a potion of invisibility {unknown}
 x - a potion of mutation {unknown}
 A - 2 potions of lignification {unknown}
 D - a potion of experience {unknown}
 I - a potion of heal wounds {unknown}


   Skills:
 + Level 9.7 Fighting
 + Level 8.1 Throwing
 * Level 4.8 Armour
 - Level 1.5 Dodging
 - Level 0.7 Stealth
 + Level 1.3 Invocations
 * Level 4.3 Evocations


You had 8 spell levels left.
You didn't know any spells.
Your spell library was empty.

Dungeon Overview and Level Annotations

Branches:
Dungeon (7/15)             Temple (1/1) D:7

Altars:
Ashenzari
Cheibriados
Dithmenos
Elyvilon
Fedhas
Gozag
Hepliaklqana
Kikubaaqudgha
Makhleb
Nemelex Xobeh
Okawaru
Qazlal
Ru
Sif Muna
Trog
Uskayaw
Vehumet
Wu Jian
Xom
Yredelemnul
Zin
The Shining One
Beogh

Shops:
D:7 *}!!

Annotations:
D:5 3 runed translucent doors, lunkers's ghost, novice HOHu


Message History

The orc warrior is almost dead.
Unknown command.
Unknown command.
You hit the orc warrior.
The orc warrior is almost dead.
The orc warrior hits you with the +8 mace of Tobefuim {pain, rN+ Str-5 Int+5}.
* * * LOW HITPOINT WARNING * * *
You writhe in agony.
* * * LOW HITPOINT WARNING * * *
You hit the orc warrior but do no damage.
The orc warrior is almost dead.
The orc warrior closely misses you.
You hit the orc warrior but do no damage.
The orc warrior is almost dead.
The orc warrior hits you with the +8 mace of Tobefuim {pain, rN+ Str-5 Int+5}.
* * * LOW HITPOINT WARNING * * *
Your chain mail prevents you from hitting the orc warrior.
The orc warrior is almost dead.
The orc warrior hits you with the +8 mace of Tobefuim {pain, rN+ Str-5 Int+5}!!
You die...

### #...###.# #.##.#
#8....._[)...8#....##.# ##.##.#
#.............#.....#.# #..##.#
#.#8#..8..#8#.#.......###...#.##
#.###..o..###.#....)............
#....#####....#......####....###
#...........o.#.....## #..#.###
#######o''######....## #.##....
#8....oo.......8@..## #.##.###
######ooo########o## #.##.#..
#oo## #.# #.#..#.# ##.#
#####.### #.......
#.#####.......# ######..#.#
#..oo.o.......# #.......#..
#^.####.#o....# #.###.##### #..#
#.#.....###.#8...8#..
#..####.#.###o.<..#.....#..


You could see an orc warrior and an orc.

Vanquished Creatures
  Pikel (D:5)
  The ghost of Coron the Sneak, a novice DDDe (D:6)
  Edmund (D:6)
  A water moccasin (D:7)
  A black bear (D:7)
  2 sky beasts (D:5)
  A phantom (D:7)
  An orc warrior (D:7)
  2 ogres
  A centaur (D:7)
  4 lemures (D:5)
  5 bullfrogs
  A gnoll sergeant (D:6)
  2 scorpions (D:4)
  A howler monkey (D:4)
  A bullfrog zombie (D:7)
  2 bullfrog skeletons (D:7)
  2 hounds
  A jelly (D:7)
  4 iguanas
  4 worker ants
  4 adders
  3 gnolls (D:6)
  A shadow imp (D:7)
  A white imp (D:7)
  2 adder zombies
  2 adder skeletons (D:7)
  A dart slug (D:1)
  4 leopard geckos
  17 orcs
  7 giant cockroaches
  10 goblins
  4 hobgoblins
  8 jackals
  2 quokkas (D:7)
  2 ball pythons
  10 bats
  3 frilled lizards
  10 kobolds
  A quokka zombie (D:6)
  5 rats
136 creatures vanquished.

Notes
Turn   | Place    | Note
-------+----------+-------------------------------------------
     0 | D:1      | lunkers the Hill Orc Hunter began the quest for the Orb.
     0 | D:1      | Reached XP level 1. HP: 18/18 MP: 1/1
   169 | D:1      | Reached XP level 2. HP: 25/25 MP: 2/2
   206 | D:1      | Reached skill level 3 in Fighting
   735 | D:1      | Reached XP level 3. HP: 31/31 MP: 3/3
  1323 | D:2      | Found a glowing golden altar of the Shining One.
  1490 | D:2      | Reached XP level 4. HP: 40/40 MP: 4/4
  1675 | D:2      | Reached skill level 4 in Fighting
  3180 | D:4      | Reached XP level 5. HP: 27/47 MP: 5/5
  3324 | D:4      | Reached skill level 5 in Fighting
  3324 | D:4      | Reached skill level 5 in Throwing
  3478 | D:4      | Reached XP level 6. HP: 44/56 MP: 6/6
  4204 | D:5      | Entered Level 5 of the Dungeon
  4544 | D:5      | Noticed a sky beast
  4604 | D:5      | Killed a sky beast
  4605 | D:5      | Reached skill level 6 in Fighting
  4882 | D:5      | Reached XP level 7. HP: 58/64 MP: 7/7
  4929 | D:5      | Found a runed translucent gate.
  4929 | D:5      | Found a runed translucent gate.
  4930 | D:5      | Identified the +10 short sword "Killer Klown's Regret"
                  | {venom, Int+2}
  4930 | D:5      | Identified the +2 leather armour "Zaoloiha" {Int+2}
  4931 | D:5      | Found a runed translucent gate.
  4931 | D:5      | Noticed lunkers's ghost (novice HOHu)
  4933 | D:5      | Identified the +2 chain mail of Zutrioki {Int+3}
  5468 | D:5      | Noticed Pikel
  5536 | D:5      | Killed Pikel
  5537 | D:5      | Reached skill level 8 in Fighting
  5537 | D:5      | Reached XP level 8. HP: 58/74 MP: 8/8
  5829 | D:5      | Found a roughly hewn altar of Beogh.
  6113 | D:6      | Noticed Edmund
  6126 | D:6      | Killed Edmund
  6429 | D:6      | Reached skill level 9 in Fighting
  6826 | D:6      | Reached skill level 1 in Armour
  6826 | D:6      | Reached skill level 1 in Evocations
  7070 | D:6      | Reached XP level 9. HP: 56/83 MP: 9/9
  7740 | D:7      | Found Gipas's Distillery.
  7776 | D:7      | Found a staircase to the Ecumenical Temple.
  7791 | Temple   | Entered the Ecumenical Temple
  7934 | Temple   | Became a worshipper of Warmaster Okawaru
  8108 | D:7      | Got a polished dagger
  8109 | D:7      | Identified the +6 dagger "Ubeerenlup" {elec, MP+9} (You
                  | found it on level 7 of the Dungeon)
  8268 | D:7      | Found Epyrus's Assorted Antiques.
  8280 | D:7      | Bought a pair of ancient boots for 218 gold pieces
  8285 | D:7      | Identified the +2 pair of boots "Ciasotath" {rF++} (You
                  | bought it in a shop on level 7 of the Dungeon)
  8543 | D:7      | Found Cugaesach's Gadget Shop.
  8791 | D:7      | Reached * piety under Okawaru
  8899 | D:7      | Found Tammi's Distillery.
  8985 | D:7      | Found a runed translucent gate.
  8986 | D:7      | Found a runed translucent gate.
  8986 | D:7      | Found a runed translucent gate.
  8988 | D:7      | Noticed Coron's ghost (novice DDDe)
  8992 | D:7      | Identified the +8 mace of Tobefuim {pain, rN+ Str-5 Int+5}
  8992 | D:7      | Identified the +1 plate armour "Nyuluwki" {rF+}
  9160 | D:7      | Found a roughly hewn altar of Beogh.
  9234 | D:6      | Killed Coron's ghost
  9235 | D:6      | Reached skill level 1 in Invocations
  9542 | D:7      | Slain by an orc warrior

Illustrated notes

Levels and vault maps discovered:
D:1:      dpeg_arrival_subterranean_lakeside_camping, layout_loops_ring
D:2:      layout_basic, nicolae_tso_swordbearing_angel,
          minmay_misc_feat_enclosed
D:3:      layout_basic
D:4:      layout_basic
D:5:      layout_loops_corners, biasface_ghost_orc_armoury, uniq_pikel
D:6:      layout_basic, uniq_edmund
D:7:      layout_loops_corners, minmay_temple_entry_ruins, serial_shops,
          shop_fountains, nicolae_shop_temple_entry_statues_fountains,
          nicolae_shop_trees, shop_statue, biasface_ghost_orc_armoury,
          minmay_chambers_of_fives
Temple:   compressed_dpeg_triangle_lava_temple

Skill      XL: |  1  2  3  4  5  6  7  8  9 |
---------------+----------------------------+-----
Fighting       | 3 4 5 6 8 9 |  9.7
Throwing       | 4 5 6 7 8 |  8.1
Armour         | 2 4 |  4.8
Evocations     | 2 4 |  4.3
Invocations    | 1 |  1.3
Dodging        | |  1.5
Stealth        | |  0.7

Action                   |  1- 3 |  4- 6 |  7- 9 || total
-------------------------+-------+-------+-------++-------
Melee: Short sword       |     3 |       |       ||     3
       Whip              |    91 |   188 |    74 ||   353
       Dire flail        |       |       |   123 ||   123
       Dagger            |       |       |   119 ||   119
Throw: Javelin           |    23 |    18 |       ||    41
       Stone             |     2 |       |       ||     2
       Dart              |       |       |    30 ||    30
Invok: Heroism           |       |       |     1 ||     1
Evoke: Wand              |       |       |     3 ||     3
  Use: Scroll            |       |     1 |       ||     1
 Stab: Distracted        |       |       |     1 ||     1
Armor: Leather armour    |    46 |       |       ||    46
       Chain mail        |       |    74 |   156 ||   230
       Ring mail         |       |    14 |       ||    14
Dodge: Dodged            |    53 |   101 |   173 ||   327

Table legend: (Time is in decaauts)
 A = Elapsed time spent in this place.
 B = Non-inter-level travel time spent in this place.
 C = Inter-level travel time spent in this place.
 D = Time resting spent in this place.
 E = Time spent auto-exploring this place.
 F = Levels seen in this place.
 G = Mean time per level.
                   A        B        C        D        E       F      G
               +--------+--------+--------+--------+--------+-----+--------+
         Total |   9610 |   9312 |    298 |    522 |   7083 |   8 | 1201.2 |
       Dungeon |   9427 |   9146 |    281 |    522 |   6948 |   7 | 1346.7 |
        Temple |    182 |    165 |     17 |      0 |    135 |   1 |  182.0 |
               +--------+--------+--------+--------+--------+-----+--------+

Top non-repeatable levels by time:
     D:6: 2096 daAuts
     D:5: 1682 daAuts
     D:7: 1412 daAuts
     D:4: 1396 daAuts
     D:3: 1140 daAuts
     D:2: 925 daAuts
     D:1: 774 daAuts
  Temple: 182 daAuts
